Map: Efflorescence LE

Players

XDeathMatchX

  • Race: Zerg Zerg
  • Spawn Location: 9:00

Sgtsteve

  • Race: Protoss Protoss
  • League: Gold
  • Spawn Location: 6:00

Throwfordays

  • Race: Protoss Protoss
  • League: Bronze
  • Spawn Location: 12:00

Faust

  • Race: Zerg Zerg
  • League: Platinum
  • Spawn Location: 3:00

VOD

Have the link to the VOD?

Description

Time

  • Played on: Jan. 24, 2019, 3:15 p.m.
  • Length: 6:44
Show
View Real Time Build Order
Export as new Build Order

XDeathMatchX Zerg 

Build Orders: Hatch First 

Get SALT Encoding   

  12  0:01  Drone  
  13  0:12  Overlord  
  13  0:20  Drone  
  14  0:24  Extractor, Drone  
  15  0:32  Drone  
  16  0:42  Drone  
  17  0:59  Hatchery, Drone  
  17  1:11  Drone x2  
  19  1:20  Spawning Pool  
  19  1:23  Extractor  
  17  1:31  Overlord  
  17  1:49  Drone x2  
  19  1:59  Overlord  
  19  2:07  Queen  
  21  2:11  Queen  
  21  2:13  Drone x2  
  21  2:15  Drone  
  26  2:25  Metabolic Boost  
  26  2:38  Drone x2  
  28  2:49  Spine Crawler  
  27  2:56  Extractor  
  26  3:00  Drone x3  
  26  3:02  Roach Warren  
  28  3:05  Spine Crawler  
  28  3:09  Zergling x4  
  28  3:10  Zergling x2  
  30  3:36  Zergling x6  
  30  3:37  Zergling x10  
  38  3:45  Lair  
  38  3:49  Roach  
  38  3:52  Roach  
  42  4:47  Roach  
  42  4:48  Overlord  
  42  4:49  Overlord x3  
  44  4:58  Glial Reconstitution  
  44  5:08  Drone x2  
  44  5:10  Roach  
  44  5:11  Roach x5  
  58  5:20  Ravager x2  
  60  5:23  Roach  
  60  5:24  Roach x2  
  68  5:57  Roach x5  
  68  6:00  Overlord x2  
Show
View Real Time Build Order
Export as new Build Order

Sgtsteve Protoss 

Build Orders:  

Get SALT Encoding   

  12  0:00  Probe  
  13  0:13  Probe  
  14  0:21  Pylon  
  14  0:25  Probe  
  15  0:36  Probe  
  15  0:41  Gateway  
  16  0:44  Probe  
  17  0:53  Assimilator  
  17  0:54  Probe  
  18  1:06  Probe  
  18  1:09  Gateway  
  19  1:18  Probe  
  20  1:30  Probe  
  20  1:32  Cybernetics Core  
  21  1:33  Zealot  
  23  1:40  Pylon  
  23  1:43  Warp Gate  
  23  1:54  Assimilator  
  23  1:58  Probe  
  24  2:12  Shield Battery  
  24  2:22  Probe  
  25  2:23  Stalker x2  
  29  2:44  Probe  
  29  2:52  Pylon  
  29  2:54  Stargate  
  29  3:15  Stalker x2  
  33  3:32  Probe  
  34  3:52  Nexus  
  34  3:54  Stalker  
  36  4:00  Pylon  
  36  4:02  Pylon, Probe  
  37  4:05  Stalker  
  39  4:18  Oracle  
  39  4:20  Stalker  
  44  4:25  Pylon  
  44  4:43  Stalker x2  
  48  4:55  Phoenix, Probe  
  51  5:07  Probe x2  
  51  5:10  Stalker  
  55  5:20  Forge, Probe  
  56  5:22  Probe  
  57  6:04  Probe  
  57  6:05  Probe  
  59  6:17  Stalker x2  
  59  6:19  Gateway  
  59  6:20  Gateway  
  59  6:22  Gateway  
Show
View Real Time Build Order
Export as new Build Order

Throwfordays Protoss 

Build Orders:  

Get SALT Encoding   

  12  0:00  Probe  
  13  0:12  Probe  
  14  0:18  Pylon  
  14  0:24  Probe  
  15  0:36  Probe  
  15  0:42  Gateway  
  16  0:50  Gateway  
  16  0:57  Assimilator  
  16  1:01  Probe  
  17  1:13  Probe  
  17  1:18  Pylon  
  18  1:26  Probe  
  18  1:29  Cybernetics Core  
  19  1:38  Zealot x2, Probe  
  24  1:48  Warp Gate  
  24  1:53  Assimilator  
  24  1:55  Pylon  
  24  2:16  Probe  
  25  2:28  Probe  
  26  2:30  Robotics Facility  
  26  2:40  Probe  
  27  2:55  Twilight Council  
  27  3:02  Pylon  
  27  3:05  Adept x2  
  31  3:17  Gateway  
  31  3:18  Warp Prism  
  33  3:31  Resonating Glaives  
  33  3:36  Forge  
  33  3:54  Observer  
  34  4:06  Nexus  
  34  4:07  Pylon  
  34  4:11  Adept  
  34  4:12  Adept  
  34  4:15  Observer  
  34  4:17  Adept  
  41  4:25  Protoss Ground Weapons Level 1  
  41  4:45  Adept x3  
  47  5:06  Adept x2  
  51  5:07  Adept  
  51  5:34  Adept x2  
  51  5:35  Adept  
  50  5:41  Probe  
  39  5:53  Probe  
  40  6:05  Probe  
  41  6:18  Probe  
Show
View Real Time Build Order
Export as new Build Order

Faust Zerg 

Build Orders: Hatch First 

Get SALT Encoding   

  12  0:01  Drone  
  13  0:08  Drone  
  14  0:16  Extractor, Drone  
  15  0:22  Overlord  
  15  0:41  Drone  
  15  0:42  Drone  
  17  0:53  Hatchery  
  17  0:57  Drone  
  17  1:02  Drone  
  18  1:14  Spawning Pool  
  17  1:19  Extractor  
  16  2:01  Zergling x6  
  17  2:02  Queen  
  17  2:05  Queen  
  17  2:06  Overlord  
  23  2:23  Drone x2  
  23  2:24  Metabolic Boost  
  25  2:37  Drone x2  
  25  2:38  Drone  
  25  2:39  Drone  
  29  2:51  Overlord  
  29  2:52  Baneling Nest  
  29  2:54  Drone  
  29  2:58  Drone  
  30  3:01  Drone  
  31  3:11  Drone x2  
  33  3:25  Drone x3  
  33  3:26  Drone x3  
  39  3:48  Drone  
  39  3:49  Drone x4  
  44  3:58  Hatchery  
  43  4:05  Zergling x2  
  42  4:33  Baneling x2  
  42  4:37  Overlord x2  
  41  4:44  Overlord x3  
  41  4:58  Lair  
  41  5:04  Extractor  
  41  5:05  Extractor  
  39  5:10  Zergling x24  
  51  5:28  Zergling x8  
  53  5:30  Baneling x2  
  53  5:32  Baneling x2  
  53  5:33  Zergling x6  
  58  5:37  Drone x3  
  58  5:38  Drone x3  
  64  5:52  Zergling x6  
  67  5:59  Spore Crawler  
  67  6:01  Spore Crawler  
  67  6:02  Queen  
  67  6:03  Drone  
  67  6:04  Drone x6  
  68  6:14  Zergling x2  
  68  6:15  Zergling x8  
  58  6:23  Zergling x2  
  58  6:24  Zergling x2  
  58  6:25  Zergling x2  
Tags
 
Add a new tag
Caveats
  • Supply blocks, unpowered buildings, or Contaminate may cause inaccurate times.
  • Supply counts are checked every 10 seconds.